 Dungeon Crawl Stone Soup version 0.21.1-1-g345015f (webtiles) character file.

221 Fang the Chopper (level 5, -7/49 HPs)
             Began as a Gargoyle Berserker on July 24, 2018.
             Was a Priest of Trog.
             Mangled by Arctor's ghost (9 damage)
             ... on level 4 of the Dungeon.
             The game lasted 00:03:38 (3011 turns).

Fang the Chopper (Gargoyle Berserker)               Turns: 3011, Time: 00:03:39

Health: -7/49      AC:  6    Str: 27    XL:     5   Next: 98%
Magic:  5/5        EV: 12    Int:  7    God:    Trog [***...]
Gold:   244        SH:  0    Dex:  9    Spells: 4/4 levels left

rFire    . . .     SeeInvis .   a - +0 hand axe
rCold    . . .     Gourm    .   (no shield)
rNeg     + . .     Faith    .   b - +0 animal skin
rPois    ∞         Spirit   .   (no helmet)
rElec    +         Reflect  .   (no cloak)
rCorr    .         Harm     .   (no gloves)
MR       .....                  (no boots)
Stlth    ..........             (no amulet)
HPRegen  0.16/turn              (no ring)
MPRegen  0.09/turn              (no ring)

@: berserking (expiring), very quick
A: negative energy resistance 1, electricity resistance, unbreathing,
petrification resistance, rot immunity, AC +4
a: Berserk, Trog's Hand, Burn Spellbooks, Renounce Religion


You were on level 4 of the Dungeon.
You worshipped Trog.
Trog was most pleased with you.
You were near starving.

You visited 1 branch of the dungeon, and saw 4 of its levels.

You collected 244 gold pieces.

Inventory:

Hand Weapons
 a - a +0 hand axe (weapon)
Armour
 b - a +0 animal skin (worn)
Scrolls
 e - 4 scrolls of identify {unknown}
 g - a scroll of fear {unknown}
 i - 2 scrolls of teleportation {unknown}
 j - a scroll of random uselessness {unknown}
 l - 3 scrolls of immolation {unknown}
 m - a scroll of noise {unknown}
 n - a scroll of amnesia {unknown}
Potions
 d - a potion of curing {unknown}
 f - a potion of degeneration {unknown}
 h - 2 potions of agility {unknown}
 k - a potion of cancellation {unknown}
Comestibles
 c - 6 rations


   Skills:
 + Level 4.3 Fighting
 + Level 4.5 Axes
 + Level 2.3 Armour
 + Level 2.7 Dodging
 + Level 1.3 Stealth


You had 4 spell levels left.
You didn't know any spells.

Dungeon Overview and Level Annotations

Branches:
Dungeon (4/15)
 Temple: D:4-7

Altars:
The Shining One

Annotations:
D:4 Arctor's ghost, novice GnSk


Innate Abilities, Weirdness & Mutations

You are resistant to torment.
Your stone body is resilient. (AC +4)
You are immune to poison.
You resist negative energy. (rN+)
You are resistant to electric shocks. (rElec)
You can survive without breathing.
You are immune to petrification.
You are immune to rotting.


Message History

Arctor's ghost hits you.
* * * LOW HITPOINT WARNING * * *
You barely miss Arctor's ghost.
Arctor's ghost is lightly damaged.
You barely miss Arctor's ghost.
Arctor's ghost is lightly damaged.
Arctor's ghost misses you.
You hit Arctor's ghost.
Arctor's ghost is lightly damaged.
Arctor's ghost hits you.
* * * LOW HITPOINT WARNING * * *
You barely miss Arctor's ghost.
Arctor's ghost is lightly damaged.
You completely miss Arctor's ghost.
Arctor's ghost is lightly damaged.
Arctor's ghost hits you but does no damage.
You barely miss Arctor's ghost.
Arctor's ghost is lightly damaged.
Arctor's ghost hits you!
You die...

## ... #.#
#.# #### #.#
#.. #.#
#.####.###.#
#@.$..^....#
#W.###.#####
.....# #.#
#########†##
#...#######
#...#.§.§.§#
+...'...._.#
#...#.§.§.§#
#...#######


You could see Arctor's ghost.

Vanquished Creatures
  The ghost of Ceann the Stinger, an amateur OpVM (D:3)
  6 adders
  An adder skeleton (D:3)
  A worm (D:3)
  A leopard gecko (D:1)
  6 orcs (D:3)
  6 giant cockroaches
  12 goblins
  12 hobgoblins
  8 jackals
  A quokka (D:2)
  4 bats
  6 frilled lizards
  8 kobolds
  9 rats (D:1)
82 creatures vanquished.

Notes
Turn   | Place    | Note
-------+----------+-------------------------------------------
     0 | D:1      | Fang the Gargoyle Berserker began the quest for the Orb.
     0 | D:1      | Reached XP level 1. HP: 14/14 MP: 1/1
   332 | D:1      | Reached XP level 2. HP: 14/19 MP: 2/2
   706 | D:1      | Reached XP level 3. HP: 19/23 MP: 3/3
   720 | D:1      | Reached ** piety under Trog
  1139 | D:2      | Reached XP level 4. HP: 22/29 MP: 4/4
  1951 | D:3      | Noticed Ceann's ghost (amateur OpVM)
  1965 | D:3      | Killed Ceann's ghost
  1965 | D:3      | Reached skill level 1 in Stealth
  1965 | D:3      | Reached XP level 5. HP: 33/33 MP: 5/5
  2289 | D:3      | Reached *** piety under Trog
  2389 | D:3      | Found a faded altar of an unknown god.
  2977 | D:4      | Found a glowing golden altar of the Shining One.
  2990 | D:4      | Noticed Arctor's ghost (novice GnSk)
  3008 | D:4      | HP: 2/49 [Arctor's ghost (3)]
  3011 | D:4      | Mangled by Arctor's ghost

Skill      XL: |  1  2  3  4 |
---------------+-------------+-----
Axes           | 3 4 |  4.5
Dodging        | 2 |  2.7
Fighting       | 4 |  4.3
Stealth        | 1 |  1.3
Armour         | |  2.3

Action                   |  1- 3 |  4- 6 || total
-------------------------+-------+-------++-------
Melee: Hand axe          |   111 |   164 ||   275
Invok: Berserk           |     1 |     3 ||     4
 Stab: Sleeping          |     1 |     2 ||     3
  Eat: Chunk             |       |     9 ||     9
Armor: Animal skin       |    52 |    43 ||    95
Dodge: Dodged            |    76 |   103 ||   179
